 Dungeon Crawl Stone Soup version 0.30-a0-476-g330ca2eb8e (webtiles) character file.

Game seed: 6662138550556766987

37 experimilk the Conjurer (level 3, -2/26 HPs)
             Began as a Draconian Conjurer on Dec 22, 2022.
             Killed from afar by Terence (12 damage)
             ... with a bolt of dispelling energy
             ... on level 2 of the Dungeon.
             The game lasted 00:02:05 (1764 turns).

experimilk the Conjurer (Draconian Conjurer)        Turns: 1764, Time: 00:02:06

Health: -2/26      AC:  5    Str:  9    XL:     3   Next: 23%
Magic:  1/6        EV: 12    Int: 20    God:
Gold:   134        SH:  0    Dex:  9    Spells: 4/7 levels left

rFire   . . .      SeeInvis .    j - +0 dagger
rCold   . . .      Faith    .    (no shield)
rNeg    . . .      Spirit   .    (body armour unavailable)
rPois   .          Reflect  .    (helmet restricted)
rElec   .          Harm     .    (no cloak)
rCorr   .          Rampage  .    (no gloves)
Will    .....                    (no boots)
Stlth   ++........               (no amulet)
HPRegen 0.24/turn                (no ring)
MPRegen 0.10/turn                (no ring)

@: lethally poisoned (-2 -> -7)
A: AC +5, unfitting armour, cold-blooded
a: no special abilities


You were on level 2 of the Dungeon.
You visited 1 branch of the dungeon, and saw 2 of its levels.

You collected 134 gold pieces.

Inventory:

Hand Weapons
 j - a +0 dagger (weapon)
Jewellery
 h - a +4 ring of slaying
Scrolls
 c - 2 scrolls of identify
 d - a scroll of fear
 e - a scroll of enchant weapon {unknown}
 k - a scroll of summoning {unknown}
 l - a scroll of silence {unknown}
 m - a scroll of fog {unknown}
 n - a scroll of magic mapping {unknown}
Potions
 a - a potion of magic
 b - a potion of heal wounds {unknown}
 f - a potion of flight {unknown}
 g - a potion of curing {unknown}
 i - a potion of might {unknown}


   Skills:
 - Level 1.7 Dodging
 - Level 1.7 Stealth
 + Level 2.5 Spellcasting
 * Level 4.8 Conjurations


You had 4 spell levels left.
You knew the following spells:

 Your Spells              Type           Power      Damage    Failure   Level
a - Magic Dart            Conj           84%        1d7       1%          1
z - Searing Ray           Conj           42%        2d6       3%          2

Your spell library contained the following spells:

 Spells                   Type           Power      Damage    Failure   Level
 Dazzling Flash           Conj/Hex       24%        N/A       17%         3
 Fulminant Prism          Conj/Hex       6%         3d7       50%         4
 Iskenderun's Mystic Bla  Conj/Tloc      12%        2d5       50%         4
 Iskenderun's Battlesphe  Conj           21%        2d7       50%         5
 Fireball                 Conj/Fire      6%         3d5       83%         5
 Conjure Ball Lightning   Conj/Air       6%         3x3d7     100%        6
 Orb of Destruction       Conj           10%        9d6       100%        7


Dungeon Overview and Level Annotations

Branches:
Dungeon (2/15)

Altars:
Okawaru

Annotations:
D:2 Terence


Innate Abilities, Weirdness & Mutations

Your plain brown scales are hard. (AC +5)
You cannot fit into any form of body armour.
You are cold-blooded and may be slowed by cold attacks.


Message History

You hit the adder but do no damage.
The adder is severely wounded.
The adder bites you.
You are poisoned.
The adder poisons you!
Terence the Incautious comes into view.
He is wielding a +2 flail of protection and carrying a wand of quicksilver (9).
Magic courses through your body.
You feel sick.
Terence shouts!
The adder closely misses you. The adder barely misses you.
Unknown command.
Unknown command.
Casting: Searing Ray (safe; 3% risk of failure)
Confirm with . or Enter, or press ? or * to list all spells.
Aiming: Searing Ray (safe; 3% risk of failure)
Press: ? - help, Shift-Dir - straight line, f/p - adder
Aim: an adder (severely wounded, 63% to hit)
The searing ray misses the adder. (Press . to maintain the ray.)
You feel sick. The adder bites you but does no damage.
Unknown command.
The searing ray hits the adder.
The adder is almost dead.
You feel sick. The adder barely misses you.
The searing ray misses the adder.
You feel sick. The adder closely misses you. The adder bites you.
You are more poisoned.
The adder poisons you!
The searing ray hits the adder.
You kill the adder!
You finish channelling your searing ray.
You feel sick.
You have reached level 3!
Your experience leads to an increase in your attributes!
Increase (S)trength, (I)ntelligence, or (D)exterity?
You feel clever. x2; Your scales feel tougher.
As you read the scroll labelled ZOME XU DIU, it crumbles to dust.
It is a scroll of identify.
d - a scroll of fear You feel sick.
Terence zaps a wand.
The bolt of dispelling energy hits you!
You die...

#... ## #..# #... ...
#..# #### #.###..###
#........ #######
>...... ....... ....
....... ######.##
#######
#.....@.##########.....
#................#.####
#......#@........#
#......#.........# #
#......##........#.#
#......##...........
#...................
#...................
######.............. .


You could see Terence.

Vanquished Creatures
  2 adders (D:2)
  2 bats (D:1)
  3 endoplasms
  A giant cockroach (D:2)
  3 goblins
  2 hobgoblins (D:1)
  A quokka (D:1)
  A ball python (D:1)
  2 frilled lizards
  A rat (D:1)
18 creatures vanquished.

Notes
Turn   | Place    | Note
-------+----------+-------------------------------------------
     0 | D:1      | experimilk the Draconian Conjurer began the quest for the
                  | Orb.
     0 | D:1      | Reached XP level 1. HP: 14/14 MP: 3/3
   456 | D:1      | Reached XP level 2. HP: 20/20 MP: 3/5
   459 | D:1      | Learned a level 2 spell: Searing Ray
  1551 | D:2      | Found an iron altar of Okawaru.
  1758 | D:2      | Noticed Terence
  1764 | D:2      | Reached XP level 3. HP: 11/26 MP: 1/6
  1764 | D:2      | Killed from afar by Terence

Illustrated notes

Levels and vault maps discovered:
D:1:      dpeg_arrival_rooms_c, layout_basic
D:2:      layout_basic, basic_altar, uniq_terence

Action                   || total
-------------------------++-------
Melee: Dagger            ||    12
 Cast: Magic Dart        ||    33
       Searing Ray       ||     5
  Use: Potion            ||     1
       Scroll            ||     1
Armor: Skin              ||     5
Dodge: Dodged            ||    15

Table legend: (Time is in decaauts)
 A = Elapsed time spent in this place.
 B = Non-inter-level travel time spent in this place.
 C = Inter-level travel time spent in this place.
 D = Time resting spent in this place.
 E = Time spent auto-exploring this place.
 F = Levels seen in this place.
 G = Mean time per level.
                   A        B        C        D        E       F      G
               +--------+--------+--------+--------+--------+-----+--------+
         Total |   1763 |   1745 |     18 |    306 |   1317 |   2 |  881.5 |
       Dungeon |   1763 |   1745 |     18 |    306 |   1317 |   2 |  881.5 |
               +--------+--------+--------+--------+--------+-----+--------+

Top non-repeatable levels by time:
     D:1: 910 daAuts
     D:2: 852 daAuts
